General information
- name: BNet
- type: Ladder team game (AT/RT)
- host: Battle.net
- saver: TIMG4STRok
map: Dragonblight
- players: 6
- length: 88:54
- speed: Fast
- version: 1.21 W3XP
- replay type:

» download(669 KB)
Players
team 1 (loser)

»
ByaKuya_ (
yellow | 116 APM | 10312 actions | 88:52)
5 Archmage
3 Summon Water Elemental
2 Brilliance Aura
5 Mountain King
3 Storm Bolt
2 Bash
» actions
| Assign group hotkey | 116 | |
| Basic commands | 451 | |
| Build / train | 175 | |
| Enter build submenu | 31 | |
| Enter hero's abilities submenu | 10 | |
| Give item / drop item | 1 | |
| Remove unit from queue | 4 | |
| Right click | 4794 | |
| Select / deselect | 939 | |
| Select group hotkey | 3463 | |
| Use ability | 328 | |
10312 total
» units
| Peasant | 23 | |
| Footman | 22 | |
| Spell Breaker | 11 | |
| Sorceress | 7 | |
| Flying Machine | 28 | |
| Mortar Team | 13 | |
| Goblin Zeppelin | 8 | |
112 total
» upgrades
| Defend | 1 | |
| Magic Sentry | 1 | |
| Swords | 1 | |
| Plating | 1 | |
| Sorceress Training | 1 | |
| Flying Machine Bombs | 1 | |
| Flak Cannons | 1 | |
| Gunpowder | 3 | |
10 total
» buildings
| Altar of Kings | 1 | |
| Barracks | 1 | |
| Farm | 10 | |
| Lumber Mill | 1 | |
| Arcane Vault | 1 | |
| Scout Tower | 4 | |
| Keep | 2 | |
| Arcane Tower | 3 | |
| Blacksmith | 1 | |
| Arcane Sanctum | 1 | |
| Town Hall | 3 | |
| Castle | 2 | |
| Guard Tower | 1 | |
| Workshop | 2 | |
33 total
» build order
00:05 Altar of Kings
00:24 Barracks
00:40 Farm
01:09 Farm
01:50 Lumber Mill
02:11 Farm
02:47 Arcane Vault
03:24 Scout Tower
03:40 Keep
03:54 Arcane Tower
03:54 Arcane Tower
04:51 Farm
06:57 Farm
06:59 Farm
07:03 Blacksmith
07:18 Arcane Sanctum
11:49 Farm
11:52 Farm
13:17 Town Hall
14:48 Scout Tower
14:49 Scout Tower
14:55 Scout Tower
16:32 Castle
16:32 Castle
17:00 Guard Tower
18:13 Workshop
18:17 Workshop
18:53 Farm
18:57 Farm
22:19 Town Hall
63:16 Town Hall
» items
| Scroll of Regeneration | 4 | |
| Lesser Clarity Potion | 2 | |
| Scroll of Healing | 1 | |
| Boots of Speed | 1 | |
| Potion of Healing | 4 | |
| Orb of Fire | 1 | |
13 total
FLABBERGASTED (
blue | 85 APM | 7566 actions | 88:52)
7 Death Knight
3 Death Coil
3 Unholy Aura
1 Animate Dead
7 Lich
3 Frost Nova
3 Dark Ritual
1 Death and Decay
4 Naga Sea Witch
2 Frost Arrows
2 Forked Lightning
» actions
| Assign group hotkey | 97 | |
| Basic commands | 8 | |
| Build / train | 135 | |
| Enter build submenu | 31 | |
| Enter hero's abilities submenu | 18 | |
| Give item / drop item | 3 | |
| Remove unit from queue | 3 | |
| Right click | 4661 | |
| Select / deselect | 743 | |
| Select group hotkey | 1561 | |
| Use ability | 306 | |
7566 total
» units
| Acolyte | 19 | |
| Ghoul | 7 | |
| Crypt Fiend | 26 | |
| Obsidian Statue | 7 | |
| Goblin Zeppelin | 1 | |
60 total
» upgrades
| Creature Attack | 3 | |
| Creature Carapace | 3 | |
| Burrow | 1 | |
| Web | 1 | |
8 total
» buildings
| Graveyard | 1 | |
| Crypt | 1 | |
| Altar of Darkness | 1 | |
| Ziggurat | 19 | |
| Tomb of Relics | 1 | |
| Nerubian Tower | 3 | |
| Halls of the Dead | 2 | |
| Slaughterhouse | 1 | |
| Black Citadel | 1 | |
| Spirit Tower | 12 | |
| Sacrificial Pit | 1 | |
43 total
» build order
00:16 Graveyard
00:22 Crypt
00:43 Altar of Darkness
00:59 Ziggurat
01:21 Ziggurat
01:41 Tomb of Relics
02:23 Nerubian Tower
02:24 Nerubian Tower
03:50 Ziggurat
04:21 Halls of the Dead
04:22 Halls of the Dead
05:13 Ziggurat
06:28 Ziggurat
07:35 Slaughterhouse
08:44 Black Citadel
12:03 Spirit Tower
12:05 Ziggurat
12:07 Ziggurat
12:09 Ziggurat
12:56 Spirit Tower
12:57 Spirit Tower
12:57 Spirit Tower
13:33 Spirit Tower
13:33 Spirit Tower
13:34 Spirit Tower
16:55 Sacrificial Pit
18:52 Ziggurat
18:53 Ziggurat
18:56 Ziggurat
18:58 Ziggurat
19:47 Spirit Tower
19:49 Spirit Tower
20:35 Spirit Tower
20:36 Spirit Tower
20:50 Ziggurat
47:26 Ziggurat
47:28 Ziggurat
47:30 Ziggurat
48:35 Spirit Tower
48:38 Ziggurat
50:41 Spirit Tower
50:43 Ziggurat
50:51 Ziggurat
» items
| Rod of Necromancy | 5 | |
| Scroll of Town Portal | 4 | |
| Potion of Healing | 3 | |
| Orb of Corruption | 1 | |
| Scroll of Healing | 1 | |
14 total
love.zycie (
orange | 95 APM | 8427 actions | 88:52)
10 Blood Mage
3 Flame Strike
3 Siphon Mana
1 Summon Phoenix
3 Banish
» actions
| Assign group hotkey | 1758 | |
| Basic commands | 12 | |
| Build / train | 80 | |
| ESC pressed | 2 | |
| Enter build submenu | 22 | |
| Enter hero's abilities submenu | 10 | |
| Give item / drop item | 1 | |
| Remove unit from queue | 1 | |
| Right click | 3567 | |
| Select / deselect | 725 | |
| Select group hotkey | 2064 | |
| Use ability | 185 | |
8427 total
» units
| Peasant | 8 | |
| Dragonhawk Rider | 5 | |
| Gryphon Rider | 15 | |
| Blue Dragon | 17 | |
| Blue Drake | 1 | |
| Blue Dragon Whelp | 1 | |
| Goblin Zeppelin | 2 | |
49 total
» upgrades
| Plating | 3 | |
| Armor | 1 | |
| Swords | 2 | |
| Storm Hammers | 1 | |
| Gunpowder | 1 | |
| Cloud | 1 | |
9 total
» buildings
| Altar of Kings | 1 | |
| Farm | 12 | |
| Scout Tower | 1 | |
| Keep | 2 | |
| Blacksmith | 1 | |
| Arcane Vault | 1 | |
| Lumber Mill | 1 | |
| Castle | 2 | |
| Gryphon Aviary | 3 | |
24 total
» build order
00:17 Altar of Kings
00:39 Farm
01:41 Farm
01:46 Scout Tower
02:14 Keep
02:14 Keep
02:27 Blacksmith
02:32 Arcane Vault
02:36 Farm
02:40 Lumber Mill
04:34 Castle
04:35 Castle
04:38 Gryphon Aviary
04:55 Gryphon Aviary
05:42 Gryphon Aviary
06:15 Farm
06:26 Farm
06:57 Farm
07:03 Farm
08:33 Farm
10:24 Farm
19:10 Farm
20:15 Farm
21:44 Farm
» items
| Lesser Clarity Potion | 2 | |
| Scroll of Regeneration | 3 | |
| Scroll of Town Portal | 1 | |
6 total
team 2 (winner)
BEAR_AND (
red | 93 APM | 8254 actions | 88:52)
5 Archmage
3 Blizzard
2 Brilliance Aura
» actions
| Assign group hotkey | 26 | |
| Basic commands | 71 | |
| Build / train | 103 | |
| Enter build submenu | 74 | |
| Enter hero's abilities submenu | 5 | |
| Give item / drop item | 1 | |
| Remove unit from queue | 4 | |
| Right click | 5128 | |
| Select / deselect | 684 | |
| Select group hotkey | 1886 | |
| Use ability | 272 | |
8254 total
» units
| Peasant | 12 | |
| Dragonhawk Rider | 30 | |
42 total
» upgrades
| Masonry | 3 | |
| Swords | 3 | |
| Magic Sentry | 1 | |
| Lumber Harvesting | 2 | |
| Armor | 3 | |
| Cloud | 1 | |
| Animal War Training | 1 | |
14 total
» buildings
| Altar of Kings | 1 | |
| Farm | 8 | |
| Scout Tower | 31 | |
| Lumber Mill | 1 | |
| Arcane Tower | 3 | |
| Guard Tower | 20 | |
| Keep | 2 | |
| Arcane Vault | 1 | |
| Blacksmith | 4 | |
| Barracks | 1 | |
| Gryphon Aviary | 6 | |
| Arcane Sanctum | 1 | |
| Castle | 1 | |
| Town Hall | 1 | |
81 total
» build order
00:09 Altar of Kings
00:14 Farm
00:54 Farm
00:58 Scout Tower
01:04 Lumber Mill
01:22 Scout Tower
01:32 Arcane Tower
01:44 Scout Tower
02:05 Scout Tower
02:21 Guard Tower
02:23 Scout Tower
02:40 Guard Tower
02:42 Scout Tower
03:07 Guard Tower
03:09 Scout Tower
03:20 Scout Tower
03:42 Guard Tower
03:43 Guard Tower
03:46 Scout Tower
04:11 Scout Tower
04:49 Guard Tower
04:54 Scout Tower
04:55 Scout Tower
04:56 Scout Tower
04:57 Scout Tower
04:59 Keep
05:07 Arcane Vault
05:24 Guard Tower
06:02 Scout Tower
06:05 Scout Tower
06:05 Scout Tower
06:06 Scout Tower
06:09 Guard Tower
06:16 Farm
06:20 Guard Tower
06:24 Scout Tower
06:55 Guard Tower
07:01 Farm
07:02 Farm
07:06 Blacksmith
07:08 Barracks
07:12 Scout Tower
07:12 Scout Tower
07:13 Scout Tower
07:29 Guard Tower
07:29 Arcane Tower
07:34 Guard Tower
07:34 Guard Tower
08:15 Gryphon Aviary
08:22 Gryphon Aviary
08:55 Guard Tower
08:55 Guard Tower
09:23 Guard Tower
09:29 Arcane Sanctum
10:08 Scout Tower
10:09 Scout Tower
10:27 Farm
10:27 Farm
10:43 Guard Tower
12:03 Farm
12:09 Guard Tower
13:07 Castle
13:23 Guard Tower
20:42 Blacksmith
20:44 Blacksmith
20:50 Blacksmith
55:05 Gryphon Aviary
55:06 Gryphon Aviary
55:12 Gryphon Aviary
55:17 Gryphon Aviary
76:29 Scout Tower
77:03 Arcane Tower
77:31 Scout Tower
77:37 Scout Tower
79:45 Town Hall
80:44 Scout Tower
80:45 Scout Tower
80:47 Scout Tower
80:53 Scout Tower
» items
| Boots of Speed | 1 | |
| Staff of Teleportation | 1 | |
| Scroll of Regeneration | 1 | |
| Staff of Sanctuary | 1 | |
| Scroll of Town Portal | 3 | |
7 total
iggy_the_fisk (
pink | 96 APM | 8551 actions | 88:52)
5 Archmage
3 Blizzard
2 Brilliance Aura
3 Blood Mage
2 Flame Strike
1 Banish
4 Pit Lord
2 Rain of Fire
2 Cleaving Attack
» actions
| Assign group hotkey | 283 | |
| Basic commands | 12 | |
| Build / train | 206 | |
| Enter build submenu | 144 | |
| Enter hero's abilities submenu | 12 | |
| Remove unit from queue | 8 | |
| Right click | 4729 | |
| Select / deselect | 817 | |
| Select group hotkey | 1777 | |
| Use ability | 563 | |
8551 total
» units
| Peasant | 50 | |
| Dragonhawk Rider | 10 | |
60 total
» upgrades
| Masonry | 3 | |
| Lumber Harvesting | 2 | |
| Magic Sentry | 1 | |
| Swords | 2 | |
| Armor | 2 | |
| Animal War Training | 1 | |
11 total
» buildings
| Altar of Kings | 2 | |
| Farm | 10 | |
| Lumber Mill | 2 | |
| Scout Tower | 129 | |
| Arcane Tower | 6 | |
| Guard Tower | 59 | |
| Arcane Vault | 5 | |
| Town Hall | 4 | |
| Keep | 1 | |
| Castle | 1 | |
| Arcane Sanctum | 1 | |
| Gryphon Aviary | 2 | |
| Blacksmith | 1 | |
| Barracks | 1 | |
224 total
» build order
00:10 Altar of Kings
00:19 Farm
00:34 Lumber Mill
00:55 Farm
01:25 Scout Tower
01:35 Scout Tower
01:41 Scout Tower
02:00 Arcane Tower
02:00 Arcane Tower
02:00 Arcane Tower
02:01 Arcane Tower
02:17 Guard Tower
02:19 Scout Tower
02:34 Arcane Tower
02:43 Scout Tower
02:57 Guard Tower
02:58 Scout Tower
02:59 Scout Tower
03:05 Arcane Vault
03:12 Guard Tower
03:14 Scout Tower
03:16 Scout Tower
03:52 Guard Tower
03:56 Scout Tower
04:06 Farm
04:32 Guard Tower
04:48 Arcane Vault
05:39 Scout Tower
05:41 Scout Tower
05:42 Scout Tower
06:00 Town Hall
06:25 Keep
06:49 Guard Tower
07:47 Scout Tower
07:48 Scout Tower
07:49 Scout Tower
07:49 Scout Tower
08:06 Scout Tower
08:11 Scout Tower
08:13 Scout Tower
08:14 Scout Tower
08:15 Scout Tower
08:28 Guard Tower
08:32 Guard Tower
08:33 Scout Tower
08:35 Scout Tower
08:35 Scout Tower
08:37 Scout Tower
08:46 Guard Tower
08:51 Scout Tower
09:03 Guard Tower
09:32 Guard Tower
09:36 Scout Tower
09:38 Castle
09:40 Guard Tower
09:42 Arcane Sanctum
09:46 Scout Tower
09:50 Arcane Vault
09:57 Guard Tower
10:04 Scout Tower
10:05 Scout Tower
11:30 Guard Tower
11:33 Scout Tower
11:34 Scout Tower
11:36 Scout Tower
11:37 Scout Tower
11:39 Scout Tower
11:39 Scout Tower
11:43 Guard Tower
12:20 Gryphon Aviary
13:47 Guard Tower
13:50 Scout Tower
13:51 Scout Tower
14:39 Guard Tower
14:53 Scout Tower
14:59 Scout Tower
15:02 Scout Tower
15:03 Scout Tower
15:32 Guard Tower
15:36 Scout Tower
16:24 Scout Tower
16:25 Scout Tower
16:26 Scout Tower
16:39 Guard Tower
16:41 Scout Tower
16:43 Scout Tower
17:11 Scout Tower
18:14 Scout Tower
18:15 Scout Tower
18:16 Guard Tower
18:24 Guard Tower
18:25 Scout Tower
18:26 Scout Tower
18:27 Scout Tower
18:28 Scout Tower
18:32 Scout Tower
18:33 Scout Tower
18:51 Scout Tower
18:52 Scout Tower
18:53 Scout Tower
19:20 Guard Tower
19:22 Guard Tower
19:40 Scout Tower
20:15 Guard Tower
20:17 Guard Tower
20:21 Guard Tower
20:32 Town Hall
20:34 Scout Tower
20:36 Scout Tower
20:38 Scout Tower
20:40 Scout Tower
20:41 Scout Tower
20:53 Guard Tower
21:13 Scout Tower
21:36 Gryphon Aviary
21:43 Blacksmith
21:44 Barracks
21:47 Guard Tower
21:48 Scout Tower
22:08 Scout Tower
22:16 Scout Tower
22:17 Scout Tower
22:20 Guard Tower
22:24 Scout Tower
22:25 Scout Tower
23:30 Guard Tower
23:36 Scout Tower
23:37 Scout Tower
23:38 Scout Tower
23:38 Scout Tower
24:20 Scout Tower
24:33 Guard Tower
24:35 Scout Tower
24:36 Scout Tower
24:37 Scout Tower
24:52 Arcane Tower
25:07 Arcane Vault
25:25 Guard Tower
25:28 Guard Tower
25:46 Guard Tower
26:00 Guard Tower
26:05 Scout Tower
26:06 Scout Tower
26:56 Guard Tower
27:07 Guard Tower
27:08 Town Hall
27:48 Farm
27:48 Farm
27:52 Scout Tower
27:53 Scout Tower
27:54 Scout Tower
27:57 Scout Tower
27:58 Scout Tower
27:59 Scout Tower
28:32 Guard Tower
29:29 Guard Tower
29:31 Scout Tower
29:32 Scout Tower
29:33 Scout Tower
29:34 Scout Tower
29:35 Scout Tower
29:35 Scout Tower
29:45 Scout Tower
29:47 Scout Tower
29:47 Scout Tower
29:48 Scout Tower
29:52 Scout Tower
29:53 Scout Tower
30:56 Guard Tower
31:18 Guard Tower
31:21 Scout Tower
31:23 Guard Tower
31:52 Guard Tower
31:55 Scout Tower
31:56 Scout Tower
32:24 Scout Tower
32:32 Guard Tower
32:56 Guard Tower
32:58 Scout Tower
32:59 Scout Tower
33:48 Guard Tower
35:03 Arcane Vault
40:52 Scout Tower
43:27 Scout Tower
43:28 Scout Tower
43:30 Scout Tower
43:33 Scout Tower
43:34 Scout Tower
43:38 Scout Tower
43:39 Scout Tower
43:44 Scout Tower
43:58 Guard Tower
44:03 Scout Tower
44:04 Scout Tower
44:05 Scout Tower
44:12 Guard Tower
44:21 Guard Tower
44:26 Guard Tower
44:28 Scout Tower
44:33 Guard Tower
44:36 Guard Tower
44:47 Guard Tower
45:32 Guard Tower
53:55 Altar of Kings
55:00 Farm
55:01 Farm
55:04 Farm
56:17 Farm
57:04 Farm
61:58 Town Hall
66:51 Scout Tower
66:52 Scout Tower
67:16 Lumber Mill
67:52 Scout Tower
67:53 Scout Tower
67:54 Scout Tower
67:54 Scout Tower
68:17 Guard Tower
68:21 Guard Tower
68:48 Guard Tower
69:27 Guard Tower
70:19 Guard Tower
71:22 Scout Tower
71:24 Scout Tower
» items
| Scroll of Regeneration | 12 | |
| Boots of Speed | 3 | |
| Lesser Clarity Potion | 1 | |
| Mechanical Critter | 1 | |
| Scroll of Town Portal | 16 | |
| Potion of Healing | 2 | |
| Staff of Sanctuary | 3 | |
| Staff of Teleportation | 2 | |
| Orb of Fire | 1 | |
41 total

»
TIMG4STRok (
purple | 73 APM | 6480 actions | 88:53)
5 Archmage
3 Blizzard
2 Brilliance Aura
4 Mountain King
2 Storm Bolt
2 Bash
4 Paladin
2 Holy Light
2 Divine Shield
» actions
| Assign group hotkey | 5 | |
| Basic commands | 88 | |
| Build / train | 111 | |
| ESC pressed | 9 | |
| Enter build submenu | 97 | |
| Enter hero's abilities submenu | 13 | |
| Give item / drop item | 3 | |
| Right click | 3628 | |
| Select / deselect | 691 | |
| Select group hotkey | 1278 | |
| Use ability | 557 | |
6480 total
» units
| Peasant | 21 | |
| Priest | 3 | |
| Goblin Zeppelin | 1 | |
25 total
» upgrades
| Masonry | 3 | |
| Magic Sentry | 1 | |
| Sorceress Training | 1 | |
| Priest Training | 1 | |
| Lumber Harvesting | 1 | |
7 total
» buildings
| Lumber Mill | 1 | |
| Altar of Kings | 3 | |
| Farm | 6 | |
| Scout Tower | 106 | |
| Arcane Tower | 2 | |
| Guard Tower | 38 | |
| Keep | 1 | |
| Arcane Vault | 1 | |
| Arcane Sanctum | 1 | |
| Castle | 1 | |
| Town Hall | 2 | |
162 total
» build order
00:20 Lumber Mill
00:28 Altar of Kings
00:31 Farm
01:12 Scout Tower
01:37 Scout Tower
01:40 Farm
01:41 Arcane Tower
02:07 Guard Tower
02:08 Scout Tower
02:22 Scout Tower
02:41 Guard Tower
02:42 Scout Tower
02:43 Scout Tower
02:58 Scout Tower
03:03 Scout Tower
03:04 Scout Tower
03:06 Guard Tower
03:41 Guard Tower
03:43 Scout Tower
04:34 Guard Tower
04:36 Scout Tower
04:36 Scout Tower
05:10 Guard Tower
05:12 Keep
05:34 Guard Tower
05:36 Arcane Vault
05:54 Scout Tower
05:55 Scout Tower
06:27 Scout Tower
06:29 Guard Tower
06:57 Guard Tower
07:02 Scout Tower
07:02 Scout Tower
07:03 Scout Tower
07:44 Guard Tower
07:47 Scout Tower
07:49 Scout Tower
07:59 Arcane Sanctum
08:03 Farm
08:04 Farm
08:09 Castle
08:18 Guard Tower
08:31 Scout Tower
08:32 Scout Tower
09:23 Scout Tower
09:25 Scout Tower
09:27 Scout Tower
09:32 Scout Tower
09:34 Scout Tower
09:34 Scout Tower
09:39 Guard Tower
11:24 Guard Tower
11:49 Scout Tower
11:50 Scout Tower
11:52 Guard Tower
12:00 Scout Tower
12:01 Scout Tower
12:03 Scout Tower
12:04 Scout Tower
12:05 Scout Tower
13:40 Guard Tower
14:25 Guard Tower
14:32 Scout Tower
14:33 Scout Tower
14:34 Scout Tower
14:37 Guard Tower
14:41 Scout Tower
14:41 Scout Tower
14:42 Scout Tower
15:16 Guard Tower
15:25 Guard Tower
16:27 Town Hall
16:29 Scout Tower
16:30 Scout Tower
16:31 Scout Tower
16:32 Scout Tower
16:33 Scout Tower
16:33 Scout Tower
16:34 Scout Tower
16:34 Scout Tower
16:43 Scout Tower
16:43 Scout Tower
16:44 Scout Tower
16:45 Scout Tower
16:45 Scout Tower
16:46 Scout Tower
17:03 Guard Tower
17:26 Guard Tower
17:29 Scout Tower
17:33 Scout Tower
17:46 Guard Tower
17:53 Scout Tower
17:55 Scout Tower
17:56 Scout Tower
17:57 Scout Tower
18:22 Scout Tower
18:22 Scout Tower
18:25 Arcane Tower
18:29 Scout Tower
18:29 Scout Tower
18:30 Scout Tower
18:30 Scout Tower
18:33 Scout Tower
18:33 Scout Tower
18:35 Guard Tower
19:15 Town Hall
19:18 Scout Tower
19:21 Scout Tower
19:23 Scout Tower
19:24 Scout Tower
19:25 Scout Tower
19:27 Scout Tower
19:27 Scout Tower
19:28 Scout Tower
19:31 Scout Tower
19:32 Scout Tower
19:33 Scout Tower
19:34 Scout Tower
19:38 Guard Tower
19:56 Scout Tower
19:57 Scout Tower
19:58 Scout Tower
20:04 Guard Tower
20:04 Guard Tower
20:04 Guard Tower
20:21 Guard Tower
20:53 Guard Tower
21:12 Guard Tower
21:22 Scout Tower
22:05 Guard Tower
22:06 Scout Tower
22:14 Scout Tower
22:15 Scout Tower
22:16 Scout Tower
22:20 Guard Tower
23:57 Scout Tower
23:58 Scout Tower
23:59 Scout Tower
24:00 Scout Tower
24:09 Guard Tower
24:26 Scout Tower
24:31 Scout Tower
24:41 Scout Tower
24:42 Scout Tower
24:42 Scout Tower
24:43 Scout Tower
24:49 Scout Tower
24:57 Guard Tower
25:59 Guard Tower
26:04 Scout Tower
26:04 Scout Tower
26:48 Guard Tower
53:27 Scout Tower
53:28 Scout Tower
53:30 Scout Tower
53:30 Scout Tower
54:19 Guard Tower
62:12 Altar of Kings
62:14 Altar of Kings
62:17 Farm
63:01 Farm
» items
| Staff of Teleportation | 3 | |
| Boots of Speed | 6 | |
| Scroll of Regeneration | 6 | |
| Potion of Healing | 1 | |
| Orb of Fire | 2 | |
| Staff of Sanctuary | 3 | |
21 total
Chat log
(00:04 / All) love.zycie: wow gg proz
(00:35 / All) TIMG4STRok: good lucker
(00:36 / All) iggy_the_fisk: leave bitch
(00:41 / All) love.zycie: please
(00:47 / All) love.zycie: dont mad manner ur mom
(00:48 / All) BEAR_AND: bl dhf
(00:51 / All) love.zycie: shes right next to me
(00:52 / All) iggy_the_fisk: please what? freaking leave this game
(01:03 / All) FLABBERGASTED: almost amusing
(01:04 / All) love.zycie: ima rape u hard
(01:17 / All) iggy_the_fisk: you lost leave
(01:27 / All) TIMG4STRok: im gannan sucky our dick so hard i pull your intestine out. GG instant death.
(01:46 / All) TIMG4STRok: open mouth say ahhhh
(01:57 / All) TIMG4STRok: i shijt in it, your tongue gets warm, now close your mouth
(01:57 / All) iggy_the_fisk: Here a golden rain for you
(02:00 / All) ByaKuya_: .....
(02:06 / All) FLABBERGASTED: shut ur trap fools
(02:14 / All) TIMG4STRok: youse your head-child
(02:14 / All) iggy_the_fisk: leave this game noobs
(02:19 / All) BEAR_AND: youse your headchild
(02:25 / All) iggy_the_fisk: gonna get owned by some real prose
(02:27 / All) FLABBERGASTED: stop it now !
(02:28 / All) iggy_the_fisk: writers
(02:34 / All) FLABBERGASTED: ur pissing me off grrrr !
(02:35 / All) TIMG4STRok: how many dicks yall sucky on
(02:50 / All) FLABBERGASTED: stop it in the name of the law
(03:04 / All) love.zycie: ....
(03:23 / All) iggy_the_fisk: shitonmyballs then leave this game bitchnoobs
(04:22 / All) ByaKuya_: bitchass
(04:22 / All) TIMG4STRok: stop the game
(04:23 / All) TIMG4STRok: hold on
(04:25 / All) love.zycie: O
(04:26 / All) love.zycie: M
(04:26 / All) love.zycie: G
(04:37 / All) TIMG4STRok: stop wait
(04:40 / All) BEAR_AND: you waste pause?
(04:40 / All) TIMG4STRok: hold on
(04:41 / Allies) BEAR_AND: thanks
(04:42 / All) iggy_the_fisk: i was justa bout to tp that lvl 1 hero for 350 gold
(04:43 / All) BEAR_AND: thanks
(04:43 / All) iggy_the_fisk: damn
(04:45 / All) iggy_the_fisk: so close
(05:27 / All) TIMG4STRok: LOL
(05:41 / All) BEAR_AND: enjoy your stay
(05:44 / All) BEAR_AND: on dragonblight
(05:52 / All) FLABBERGASTED: thanks babe
(11:10 / All) BEAR_AND: nice surr
(11:20 / All) ByaKuya_: lucky
(11:25 / All) BEAR_AND: sucky
(12:58 / All) BEAR_AND: ty
(13:15 / All) BEAR_AND: perfect play
(14:14 / All) love.zycie: AS
(14:15 / All) love.zycie: SDA
(14:15 / All) love.zycie: A
(14:15 / All) love.zycie: SD
(14:16 / All) ByaKuya_: OH MY GOD
(16:29 / All) iggy_the_fisk: damn i'm about...
(16:30 / All) iggy_the_fisk: to break
(17:45 / All) iggy_the_fisk: sweet surr
(17:55 / All) iggy_the_fisk: Sweet surr
(19:26 / All) BEAR_AND: ayumyumyum
(30:24 / All) love.zycie: RAPED
(30:25 / All) love.zycie: SON
(30:26 / All) love.zycie: KISS
(30:27 / All) love.zycie: ME DICK
(40:24 / All) love.zycie: its over
(40:33 / All) iggy_the_fisk: yeah 45 min ago
(40:35 / All) iggy_the_fisk: leave
(40:44 / All) love.zycie: i meant u lose
(41:13 / All) ByaKuya_: noobs
(50:32 / All) love.zycie: LOL
(50:34 / All) love.zycie: NO GOLD?
(50:36 / All) love.zycie: MMMM 3 expos
(55:49 / All) love.zycie: jkust leave
(62:08 / All) FLABBERGASTED: this game is fun
(65:46 / All) love.zycie: its over kids
(65:50 / All) love.zycie: bed time
(66:05 / All) love.zycie: LOL
(66:06 / All) love.zycie: LOL
(66:07 / All) love.zycie: SAY IT
(66:09 / All) love.zycie: SAY IT
(66:09 / All) love.zycie: BLUE
(66:10 / All) love.zycie: SAY IT
(66:11 / All) love.zycie: NOW
(66:16 / All) love.zycie: I LOVE U BLUE
(66:19 / All) love.zycie: U MADE MZY DAT
(66:20 / All) FLABBERGASTED: enjoy ur stay at dragon blight
(66:22 / All) love.zycie: LOL
(66:23 / All) love.zycie: LLASLA
(66:23 / All) love.zycie: AS
(66:23 / All) love.zycie: S
(66:24 / All) love.zycie: A
(66:25 / All) love.zycie: HA
(66:25 / All) love.zycie: A
(66:25 / All) love.zycie: AH
(66:25 / All) love.zycie: HA
(66:26 / All) love.zycie: AH
(66:26 / All) love.zycie: H
(66:27 / All) love.zycie: A
(66:27 / All) love.zycie: AH
(66:27 / All) love.zycie: AH
(66:28 / All) love.zycie: A
(66:28 / All) love.zycie: H
(66:28 / All) love.zycie: A
(66:29 / All) love.zycie: AH
(66:29 / All) love.zycie: AH
(66:30 / All) love.zycie: H
(66:30 / All) love.zycie: AH
(66:30 / All) love.zycie: HA
(66:31 / All) love.zycie: AH
(66:32 / All) FLABBERGASTED: yo
(66:34 / All) FLABBERGASTED: they in shock
(66:36 / All) FLABBERGASTED: lol
(66:40 / All) FLABBERGASTED: they havent said a word
(66:41 / All) FLABBERGASTED: in a while
(66:54 / All) FLABBERGASTED: they having a attack
(67:03 / All) love.zycie: id buy more dragons just blizzard wont let me
(67:41 / All) FLABBERGASTED: level 28?
(67:43 / All) FLABBERGASTED: at?
(67:53 / All) FLABBERGASTED: hmm
(68:09 / All) FLABBERGASTED: wow guys
(68:14 / All) FLABBERGASTED: who u thnk got most hero kills
(68:17 / All) FLABBERGASTED: me oj or yellow
(68:29 / All) FLABBERGASTED: i say me
(68:56 / All) FLABBERGASTED: dam u lose with map hack as well pretty sad
(69:46 / All) love.zycie: ofc
(73:24 / All) love.zycie: LOL
(73:27 / All) ByaKuya_: stomped mutha fucka
(73:32 / All) FLABBERGASTED: dam
(73:34 / All) FLABBERGASTED: that nuke
(73:37 / All) FLABBERGASTED: was 0.2 sec
(74:02 / All) love.zycie: umm
(74:13 / All) love.zycie: ill take NOOB PWND for 500 Tribec
(74:17 / All) love.zycie: omg daily double
(74:22 / All) FLABBERGASTED: ouchii
(74:24 / All) ByaKuya_: hahahahahah
(74:28 / All) FLABBERGASTED: a bandage would help
(74:37 / All) love.zycie: what is the wild african noobs that do 3v3 talk shit and lose?
(74:41 / All) love.zycie: umm tribec
(74:43 / All) love.zycie: that is tough
(74:49 / All) love.zycie: what is, 3 niggers we facing now?
(74:51 / All) FLABBERGASTED: lol
(74:52 / All) love.zycie: ding ding ding
(75:28 / All) ByaKuya_: its okay to cry guys
(75:31 / All) love.zycie: LOL
(75:31 / All) ByaKuya_: just let it out man
(75:32 / All) love.zycie: OMG
(75:34 / All) love.zycie: LICH IS PWN
(75:35 / All) ByaKuya_: its healthy
(75:46 / All) love.zycie: gogo power rangers in the air
(76:45 / All) love.zycie: dont u wish ur girlfriend was hot like me
(76:51 / All) FLABBERGASTED: loll
(76:56 / All) FLABBERGASTED: ur so silly oj
(77:05 / All) love.zycie: gee golly gosh
(77:08 / All) love.zycie: saved replay
(78:08 / All) love.zycie: aww sore losers
(78:09 / All) love.zycie: poor babies
(78:34 / All) FLABBERGASTED: hmm
(78:44 / All) FLABBERGASTED: dispiration time
(78:50 / All) love.zycie: LOL
(78:56 / All) FLABBERGASTED: gtfo
(83:18 / All) love.zycie: LOL
(83:34 / All) love.zycie: sigh
(83:35 / All) FLABBERGASTED: smarrty pants !
(85:03 / All) FLABBERGASTED: rofl
(85:11 / All) FLABBERGASTED: props
(85:14 / All) FLABBERGASTED: nice spot
(85:16 / All) ByaKuya_: LOL
(85:19 / All) ByaKuya_: nice tp pink
(85:27 / All) FLABBERGASTED: gg nooblets
(86:13 / All) ByaKuya_: guys why aren't you talking anymore? it's no fun that way .... i mean come on guys cheer up it's just a game ...
(86:23 / All) FLABBERGASTED: word
(86:24 / All) ByaKuya_: we didn't mean all the nasty stuff we said ...
(86:25 / All) love.zycie: yo yellow
(86:28 / All) love.zycie: watch the news tomoorwo
(86:32 / All) love.zycie: maybe we see them susiice
(86:33 / All) FLABBERGASTED: lol
(86:35 / All) ByaKuya_: LOL
(86:38 / All) FLABBERGASTED: suicide
(86:39 / All) FLABBERGASTED: hahaha
(86:46 / All) FLABBERGASTED: *slit slit tonight guys?
(86:50 / All) love.zycie: 3 nerds dead after a 2 hour wc3 match , in which they lost
(86:53 / All) love.zycie: BACK TO YO
(86:55 / All) FLABBERGASTED: lmaooo
(86:55 / All) ByaKuya_: ROFL YIO
(86:58 / All) love.zycie: BACK TO YOU
(86:59 / All) FLABBERGASTED: roflll
(87:00 / All) love.zycie: RON BURGENDY
(87:01 / All) ByaKuya_: HAD TO PUT THE LOST IN THERE
(87:04 / All) ByaKuya_: HAHAHAH
(87:04 / All) FLABBERGASTED: ROFDLLLLLLLLLLLLLD
(87:13 / All) love.zycie: YA THANKI YOU KIDY CHUN
(87:19 / All) FLABBERGASTED: rofllll
(87:38 / All) love.zycie: WHERES WALDO??
(87:45 / All) ByaKuya_: guys it's time to go beddy bye
(87:49 / All) love.zycie: LOL
(87:52 / All) love.zycie: HAVE A GREAT TIME
(87:53 / All) FLABBERGASTED: night night kiddies
(87:56 / All) love.zycie: IN WONDER WONDER DRAGON LAND
(88:03 / All) FLABBERGASTED: loll
(88:03 / All) ByaKuya_: it was fun man it was fun
(88:05 / All) love.zycie: HOPE U NEVER PLAY THIS MAP
(88:09 / All) love.zycie: I MIGHT B ON SMURF
(88:12 / All) FLABBERGASTED: loll
(88:13 / All) ByaKuya_: LOL
(88:17 / All) love.zycie: AND SUMMON MY POKEDRAGONS
(88:30 / All) FLABBERGASTED: o0
(88:36 / All) FLABBERGASTED: those dragons are strong oj
(88:42 / All) FLABBERGASTED: wow
(88:49 / All) FLABBERGASTED: leave
(88:49 / All) FLABBERGASTED: em
(88:50 / All) love.zycie: lol